 Dungeon Crawl Stone Soup version 0.30-a0-918-g0ff054e9dc (webtiles) character file.

Game seed: 1878588048374662731

2412 sanka the Cleaver (level 9, 0/82 HPs)
             Began as a Hill Orc Monk on Mar 20, 2023.
             Slain by a black bear (5 damage)
             ... on level 7 of the Dungeon.
             The game lasted 00:11:45 (6404 turns).

sanka the Cleaver (Hill Orc Monk)                   Turns: 6404, Time: 00:11:46

Health: 0/82       AC: 19    Str: 18    XL:     9   Next: 47%
Magic:  9/9        EV:  6    Int:  7    God:
Gold:   475        SH:  0    Dex: 13    Spells: 8/8 levels left

rFire   + . .      SeeInvis .    a - +0 war axe
rCold   + . .      Faith    .    (no shield)
rNeg    . . .      Spirit   .    A - +3 plate armour of Youthful Indiscretion {rF+ rC+ Int-3}
rPois   +          Reflect  .    j - +0 helmet
rElec   .          Rampage  .    r - +2 cloak {rPois}
rCorr   +                        (no gloves)
Will    .....                    (no boots) Stlth
                                 (no amulet)
HPRegen 0.33/turn                h - ring of flight
MPRegen 0.11/turn                e - ring of resist corrosion

@: flying, invisible
A: no striking features
a: no special abilities


You were on level 7 of the Dungeon.
You visited 1 branch of the dungeon, and saw 7 of its levels.
You also visited: Sewer.

You collected 475 gold pieces.


   Skills:
 + Level 8.9 Fighting
 * Level 13.0 Axes
 + Level 4.2 Armour
 - Level 2.4 Dodging
 - Level 1.5 Stealth


You had 8 spell levels left.
You didn't know any spells.
Your spell library contained the following spells:

 Spells                   Type           Power      Damage    Failure   Level
 Beastly Appendage        Tmut           0%         N/A       100%        1
 Foxfire                  Conj/Fire      0%         2x1d4     100%        1
 Necrotise                Necr           0%         1d4       100%        1
 Blink                    Tloc           0%         N/A       100%        2
 Wereblood                Tmut           0%         N/A       100%        2
 Spider Form              Tmut/Pois      0%         N/A       100%        3
 Vampiric Draining        Necr           0%         2d6       100%        3
 Manifold Assault         Tloc           0%         N/A       100%        4
 Agony                    Necr           0%         N/A       100%        5
 Fireball                 Conj/Fire      0%         3d3       100%        5
 Starburst                Conj/Fire      0%         6d3       100%        6
 Storm Form               Tmut/Air       0%         N/A       100%        7

Inventory:

Hand Weapons
 a - a +0 war axe (weapon)
Missiles
 x - 23 poisoned darts (quivered)
Armour
 j - a +0 helmet (worn)
 r - a +2 cloak of poison resistance (worn)
 w - the +3 scale mail of the Illusory Wishes {rC+ SInv} rC: It protects you from cold. SInv: It lets you see invisible.
 A - the +3 plate armour of Youthful Indiscretion (worn) {rF+ rC+ Int-3}

   Int:       It affects your intelligence (-3).
   rF:        It protects you from fire.
   rC:        It protects you from cold.
Magical Staves
 G - a staff of cold
Jewellery
 e - a ring of resist corrosion (right hand)
 h - a ring of flight (left hand)
 D - a ring of protection from cold
Wands
 c - a wand of digging (5)
 u - a wand of roots (8)
 y - a wand of acid (16)
 z - a wand of polymorph (8)
 E - a wand of flame (24)
Scrolls
 d - 2 scrolls of silence {!r}
 f - a scroll of blinking {unknown}
 i - 3 scrolls of fear {unknown}
 l - a scroll of poison {unknown}
 n - a scroll of acquirement {unknown}
 q - a scroll of amnesia {unknown}
 s - 2 scrolls of enchant weapon
 t - 3 scrolls of vulnerability {unknown}
 v - 3 scrolls of teleportation {unknown}
 C - 3 scrolls of identify {@r1}
 F - 2 scrolls of magic mapping {unknown}
 H - a scroll of noise {unknown}
Potions
 b - 3 potions of brilliance {unknown}
 g - 2 potions of haste {@q3}
 k - a potion of experience {unknown}
 m - 2 potions of curing {@q1}
 p - 2 potions of mutation {!q}
 B - a potion of ambrosia

Dungeon Overview and Level Annotations

Branches:
Dungeon (7/15)              Sewer (visited)
 Temple: D:4-7

Altars:
Ashenzari
Elyvilon
Fedhas
Hepliaklqana
Nemelex Xobeh
Qazlal
Trog

Shops:
D:6

* ▒. .. .. .. ▒. ▒.
▒.▒.▒ ▒▒ ▒. .
......▒.. ▒.
▒.▒▒.▒.▒.▒.▒ ▒▒
.......▒...▒▒.▒
▒.▒......▒.▒▒.▒
▒.....c▒h▒....▒
▒...{o...▒▒.▒
▒.▒.▒▒.▒.▒▒.▒
.............▒ ▒▒
.▒.▒▒.▒▒▒.▒▒.▒ ▒▒▒▒.
.............▒ ▒....
▒.
▒.▒▒▒.▒▒▒▒.▒▒▒▒▒▒.▒▒▒
▒ ▒. ▒▒.▒▒▒▒.▒▒.....▒
. ...........▒▒▒▒▒ ▒
.........▒▒▒


You could see a black bear (unable to see you) and a centaur (unable to see
you).


Message History

Something draws strength from your injuries!
Unknown command.
The centaur hits you but does no damage.
The centaur closely misses you.
The black bear bites you but does no damage.
The black bear claws you but does no damage.
The black bear claws you but does no damage.
Something hits you.
* * * LOW HITPOINT WARNING * * *
Something bites you but does no damage.
Unknown command.
The centaur hits you but does no damage.
The centaur kicks you but does no damage.
The centaur hits you but does no damage.
The centaur kicks you but does no damage.
The black bear bites you but does no damage.
The black bear claws you but does no damage.
The black bear claws you.
* * * LOW HITPOINT WARNING * * *
Something hits you!
* * * LOW HITPOINT WARNING * * *
Something bites you.
* * * LOW HITPOINT WARNING * * *
Something draws strength from your injuries!
Unknown command.
You fade into invisibility!
The centaur hits you but does no damage.
The centaur kicks you but does no damage.
The black bear bites you.
You die...

Action                     |  1- 3 |  4- 6 |  7- 9 || total
---------------------------+-------+-------+-------++-------
  Melee: Hand axe          |   135 |   280 |   269 ||   684
         Punch             |     1 |     3 |     7 ||    11
         Unarmed           |       |       |     3 ||     3
         War axe           |       |       |    66 ||    66
  Evoke: Wand              |       |       |     3 ||     3
    Use: Scroll            |       |     4 |     1 ||     5
         Potion            |       |     1 |     4 ||     5
   Stab: Sleeping          |     3 |       |       ||     3
         Confused          |       |       |     1 ||     1
 Armour: Robe              |    14 |       |       ||    14
         Ring mail         |    22 |   103 |       ||   125
         Scale mail        |       |    32 |    24 ||    56
         Troll leather arm |       |     9 |       ||     9
         Plate armour      |       |       |   179 ||   179
         Skin              |       |       |     2 ||     2
  Dodge: Dodged            |    65 |   179 |    95 ||   339

Levels and vault maps discovered:
D:1:      dpeg_arrival_refuge, layout_loops_ring
D:2:      layout_basic, basic_altar
D:3:      layout_loops_cross, minmay_fractal_squares_gapless_5
D:4:      layout_loops_corners, bloody_trog, overflow_temple_1_default,
          cheibrodos_sewer_entry_drain, uniq_ijyb
D:5:      layout_rooms, evilmike_ruin_ashenzari, uniq_edmund, uniq_grinder,
          uniq_duvessa
D:6:      layout_rooms, mainiacjoe_overflow_surrounded_room, dk_noncrumbling_4,
          amcnicky_mini_rare_corridor_liquid, minivault_11, minmay_shop_damaged,
          kennysheep_nub
D:7:      layout_basic, elyvilon_altar_5, makhleb_altar_promises_db,
          mainiacjoe_overflow_chevrons, minmay_temple_entry_tees,
          nrook_loot_triangle, minmay_diced_spiral, uniq_joseph

Notes
Turn   | Place    | Note
-------+----------+-------------------------------------------
     0 | D:1      | sanka the Hill Orc Monk began the quest for the Orb.
     0 | D:1      | Reached XP level 1. HP: 19/19 MP: 1/1
    78 | D:1      | Reached XP level 2. HP: 23/27 MP: 2/2
   373 | D:1      | Reached skill level 4 in Fighting
   611 | D:1      | Reached skill level 5 in Axes
   657 | D:1      | Reached XP level 3. HP: 31/33 MP: 3/3
  1265 | D:2      | Found a sparkling altar of Nemelex Xobeh.
  1829 | D:3      | Reached XP level 4. HP: 38/41 MP: 4/4
  1905 | D:3      | Reached skill level 6 in Axes
  2562 | D:3      | Reached XP level 5. HP: 41/47 MP: 5/5
  2777 | D:3      | Reached skill level 5 in Fighting
  2864 | D:4      | Found a glowing drain.
  2875 | Sewer    | Entered a sewer
  2946 | Sewer    | Noticed Pargi
  2986 | Sewer    | Killed Pargi
  2987 | Sewer    | Reached skill level 7 in Axes
  2987 | Sewer    | Reached XP level 6. HP: 15/56 MP: 6/6
  3386 | D:4      | Found a hazy altar of Hepliaklqana.
  3392 | D:4      | Noticed Ijyb
  3423 | D:4      | Killed Ijyb
  3517 | D:4      | Identified the +3 scale mail of the Illusory Wishes {rC+
                  | SInv}
  3592 | D:4      | Reached skill level 8 in Axes
  3847 | D:4      | Found a bloodstained altar of Trog.
  4119 | D:5      | Entered Level 5 of the Dungeon
  4132 | D:5      | Noticed Duvessa
  4181 | D:5      | Noticed Edmund
  4230 | D:4      | Reached skill level 6 in Fighting
  4230 | D:4      | Reached XP level 7. HP: 58/63 MP: 7/7
  4313 | D:5      | Killed Edmund
  4314 | D:5      | Reached skill level 9 in Axes
  4577 | D:5      | Killed Duvessa
  4732 | D:5      | Noticed Dowan
  4739 | D:5      | Killed Dowan
  4825 | D:5      | Reached skill level 7 in Fighting
  4825 | D:5      | Reached skill level 10 in Axes
  4825 | D:5      | Reached XP level 8. HP: 65/73 MP: 8/8
  4896 | D:5      | Noticed Grinder
  4918 | D:5      | Paralysed by Grinder for 4 turns
  4924 | D:5      | Killed Grinder
  4945 | D:5      | Identified the +3 plate armour of Youthful Indiscretion
                  | {rF+ rC+ Int-3}
  5023 | D:5      | Found a broken altar of Ashenzari.
  5050 | D:5      | Reached skill level 11 in Axes
  5102 | D:5      | Reached skill level 1 in Armour
  5427 | D:6      | Reached skill level 2 in Armour
  5578 | D:6      | Reached skill level 8 in Fighting
  5642 | D:6      | Reached skill level 12 in Axes
  5642 | D:6      | Reached XP level 9. HP: 79/81 MP: 9/9
  5689 | D:6      | Reached skill level 3 in Armour
  5761 | D:6      | Found a blossoming altar of Fedhas.
  5801 | D:6      | Found Daoheto's Lightly-Used Armoury.
  6045 | D:7      | Found a stormy altar of Qazlal.
  6155 | D:7      | Found a white marble altar of Elyvilon.
  6400 | D:7      | Reached skill level 4 in Armour
  6401 | D:7      | Reached skill level 13 in Axes
  6401 | D:7      | HP: 6/82 [something (6)]
  6404 | D:7      | Slain by a black bear

Vanquished Creatures
  Grinder (D:5)
  A steam dragon (D:6)
  Edmund (D:5)
  Duvessa (D:5)
  2 water moccasins
  Pargi (Sewer)
  An orc warrior (D:6)
  A black bear (D:7)
  3 ice beasts
  A centaur (D:6)
  A phantom (D:5)
  A kobold brigand (D:7)
  3 scorpions
  2 bullfrogs
  Dowan (D:5)
  A howler monkey (D:4)
  2 jellies (D:5)
  A gnoll bouda (D:4)
  2 sleepcaps
  An iguana (D:7)
  Ijyb (D:4)
  3 orc wizards
  5 gnolls
  6 adders
  A white imp (D:6)
  4 worms
  5 dart slugs
  17 orcs
  8 endoplasms
  4 giant cockroaches
  5 goblins
  9 hobgoblins
  6 jackals
  4 quokkas
  8 ball pythons
  12 bats
  3 frilled lizards
  4 kobolds
  7 rats
140 creatures vanquished.
